 Dungeon Crawl Stone Soup version 0.29.1-1-gd02db6906a (webtiles) character file.

Game seed: 8812800717899887109

315 pacmanke6689 the Stinger (level 6, 0/49 HPs)
             Began as a Naga Venom Mage on Sept 27, 2022.
             Slain by a killer bee (4 damage)
             ... on level 4 of the Dungeon.
             The game lasted 00:13:30 (3503 turns).

pacmanke6689 the Stinger (Naga Venom Mage)          Turns: 3503, Time: 00:13:31

Health: 0/49       AC:  3    Str: 10 (11) XL:     6   Next: 43%
Magic:  3/11       EV: 10    Int: 14 (17) God:
Gold:   121        SH:  0    Dex:  9 (11) Spells: 6/12 levels left

rFire   . . .      SeeInvis +     - Unarmed
rCold   . . .      Faith    .   (no shield)
rNeg    . . .      Spirit   .   a - +0 robe
rPois   +          Reflect  .   (no helmet)
rElec   .          Harm     .   (no cloak)
rCorr   .          Rampage  .   (no gloves)
Will    .....                   (no barding)
Stlth   ++........              (no amulet)
HPRegen 0.16/turn               e - ring of wizardry
MPRegen 0.12/turn               (no ring)

@: lethally poisoned (0 -> -15), unable to drink, very slow
A: AC +2, large, see invisible, deformed body, poison resistance, slowness 2,
spit poison 1, naga tail 1, inability to drink after injury 1
a: Spit Poison


You were on level 4 of the Dungeon.
You visited 1 branch of the dungeon, and saw 4 of its levels.

You collected 121 gold pieces.

Inventory:

Armour
 a - a +0 robe (worn)
Jewellery
 e - a ring of wizardry (left hand)
 g - a ring of wizardry
 i - an amulet of the acrobat
Wands
 d - a wand of mindburst (19)
Scrolls
 j - a scroll of identify
 k - a scroll of teleportation {unknown}
Potions
 b - a potion of magic
 h - a potion of resistance {unknown}
 l - a potion of curing {unknown}


   Skills:
 + Level 0.2 Fighting
 + Level 2.0 Dodging
 + Level 3.5 Stealth
 + Level 1.0 Unarmed Combat
 + Level 3.6 Spellcasting
 + Level 0.4 Conjurations
 + Level 2.9 Transmutations
 + Level 6.2 Poison Magic


You had 6 spell levels left.
You knew the following spells:

 Your Spells              Type           Power      Damage    Failure   Level
a - Sting                 Tmut/Pois      60%        1d6       1%          1
b - Olgreb's Toxic Radia  Pois           19%        N/A       6%          4
c - Magic Dart            Conj           12%        1d3       7%          1

Your spell library contained the following spells:

 Spells                   Type           Power      Damage    Failure   Level
 Poisonous Vapours        Pois/Air       22%        N/A       3%          2
 Mephitic Cloud           Conj/Pois/Air  8%         N/A       10%         3
 Searing Ray              Conj           6%         2d4       11%         2
 Gell's Gravitas          Tloc           2%         N/A       24%         3
 Lesser Beckoning         Tloc           2%         N/A       24%         3
 Teleport Other           Tloc           2%         N/A       24%         3
 Fulminant Prism          Conj/Hex       1%         3d6       56%         4


Dungeon Overview and Level Annotations

Branches:
Dungeon (4/15)
 Temple: D:4-7

Altars:

Shops:
D:2 =


Innate Abilities, Weirdness & Mutations

Your serpentine skin is tough. (AC +2)
You have supernaturally acute eyesight. (SInv)
Armour fits poorly on your strangely shaped body.
Your system is resistant to poisons. (rPois)
You cover ground very slowly.
You can spit poison.
You have a snake-like lower body.
You occasionally lose the ability to drink potions when taking damage.


Message History

The killer bee closely misses you.
Casting: Magic Dart (safe; 6% risk of failure)
Confirm with . or Enter, or press ? or * to list all spells.
Aiming: Magic Dart (safe; 6% risk of failure)
Press: ? - help, Shift-Dir - straight line, f/p - killer bee
Aim: a killer bee (almost dead, very poisoned, 100% to hit)
The magic dart hits the killer bee.
You kill the killer bee!
You feel very sick. The killer bee barely misses you.
The killer bee stings you.
You are more poisoned.
The killer bee poisons you!
Your Dodging skill increases to level 2!
Your Poison Magic skill increases to level 6!
Unknown command.
It was a potion of degeneration.
There was something very wrong with that liquid.
You feel weakened.
You feel dopey.
You feel clumsy.
You feel very sick.
You kill the killer bee!
The killer bee stings you!
It was a potion of mutation.
You feel extremely strange.
You occasionally lose the ability to drink potions when taking damage.
You feel very sick. The killer bee stings you!
You feel threatened and lose the ability to drink potions!
* * * LOW HITPOINT WARNING * * *
You are more poisoned.
The killer bee poisons you! The killer bee misses you.
You cannot drink potions in your current state!
Casting: Magic Dart (safe; 7% risk of failure)
Confirm with . or Enter, or press ? or * to list all spells.
Aiming: Sting (safe; 1% risk of failure)
Press: ? - help, Shift-Dir - straight line, f - killer bee
Aim: a killer bee (48% to hit)
The sting hits the killer bee.
The killer bee is poisoned.
The killer bee is lightly wounded.
* * * LOW HITPOINT WARNING * * *
You feel very sick. The killer bee stings you.
You die...

#... #... #... #...
#... #...## .#
+...y# .#
.###...@#########.#
..................#
.###.#............#
#
#............######
#..................
#..................
##+#+#'#....).....<
........#...........
....................


You could see a killer bee (poisoned).

Vanquished Creatures
  Sigmund (D:3)
  2 killer bees (D:4)
  A dart slug (D:3)
  3 orcs
  3 ball pythons
  2 endoplasms (D:2)
  5 giant cockroaches
  6 goblins
  3 hobgoblins
  7 jackals
  6 kobolds
  2 quokkas
  6 bats
  5 frilled lizards
  7 rats
59 creatures vanquished.

Vanquished Creatures (others)
  2 plants (D:1)
2 creatures vanquished.

Grand Total: 61 creatures vanquished

Notes
Turn   | Place    | Note
-------+----------+-------------------------------------------
     0 | D:1      | pacmanke6689 the Naga Venom Mage began the quest for the
                  | Orb.
     0 | D:1      | Reached XP level 1. HP: 15/15 MP: 3/3
   321 | D:1      | Reached XP level 2. HP: 19/22 MP: 0/5
  1028 | D:1      | Found a faded altar of an unknown god.
  1225 | D:1      | Reached XP level 3. HP: 28/28 MP: 4/6
  1736 | D:2      | Found Uves's Jewellery Shop.
  2914 | D:3      | Reached XP level 4. HP: 36/36 MP: 2/7
  2919 | D:3      | Learned a level 4 spell: Olgreb's Toxic Radiance
  2921 | D:3      | Learned a level 1 spell: Magic Dart
  2966 | D:3      | Noticed Sigmund
  2977 | D:3      | Killed Sigmund
  2978 | D:3      | Reached skill level 1 in Unarmed Combat
  2978 | D:3      | Reached skill level 5 in Poison Magic
  2978 | D:3      | Reached XP level 5. HP: 34/42 MP: 1/10
  3267 | D:3      | Reached XP level 6. HP: 49/49 MP: 8/11
  3501 | D:4      | Reached skill level 6 in Poison Magic
  3502 | D:4      | Gained mutation: You occasionally lose the ability to drink
                  | potions when taking damage. [potion of mutation]
  3503 | D:4      | Slain by a killer bee

Illustrated notes

Levels and vault maps discovered:
D:1:      dpeg_arrival_refuge, layout_loops_corners,
          ebering_ecumenical_altar_ruins, serial_forest,
          infiniplex_forest_straight_2, infiniplex_forest_clump_C,
          infiniplex_forest_clump_long, infiniplex_forest_corner_1,
          infiniplex_forest_zigzag_1, infiniplex_forest_clump_diagonal,
          infiniplex_forest_lined_ring, nrook_mini_backslash
D:2:      layout_rooms, serial_shops, nicolae_shop_stone,
          minmay_misc_feat_rugged, nrook_uturn,
          nicolae_concentric_dashed_squares_mild
D:3:      layout_rooms, uniq_sigmund
D:4:      layout_basic, minitemple, nemelex_xobeh_ov_fountains_minmay,
          nicolae_ossuary_entry_giza, serial_shops, nicolae_shop_window_shopping

Skill      XL: |  1  2  3  4  5  6 |
---------------+-------------------+-----
Unarmed Combat | 1 |  1.0
Spellcasting   | 3 |  3.6
Transmutations | 2 |  2.9
Poison Magic   | 5 6 |  6.2
Dodging        | 2 |  2.0
Fighting       | |  0.2
Stealth        | |  3.5
Conjurations   | |  0.4

Action                   |  1- 3 |  4- 6 || total
-------------------------+-------+-------++-------
Melee: Unarmed           |    30 |     7 ||    37
       Punch             |     1 |       ||     1
 Cast: Sting             |    88 |    12 ||   100
       Magic Dart        |       |     6 ||     6
       Olgreb's Toxic Ra |       |     2 ||     2
  Use: Scroll            |     3 |     2 ||     5
       Potion            |       |     3 ||     3
Armor: Robe              |    14 |     1 ||    15
Dodge: Dodged            |    30 |    11 ||    41
